 Dungeon Sprint DCSS version 0.30.1 (webtiles) character file.

Game seed: 5820744006263698792

22600000 Groucho the Archmage (level 27, -13/228 HPs)
             Began as a Djinni Warper on July 7, 2023.
             Was the Champion of Makhleb.
             Killed by divine providence
             ... invoked by an accursed
              (16 damage)
             ... in the Dungeon (Sprint VIII: "Arena of Blood").
             The game lasted 00:08:03 (226 turns).

Groucho the Archmage (Djinni Warper)                 Turns: 226, Time: 00:08:04

Health: -13/228    AC:  6    Str: 10    XL:     27
Gold:   0          EV: 30    Int: 23    God:    Makhleb [******] SH:  0 Dex: 19

rFire   + + .        i - +∞ Axe of Woe
rCold   x . .        (shield currently unavailable)
rNeg    . . .        b - +0 leather armour
rPois   ∞            (no helmet)
rElec   .            (no cloak)
rCorr   .            (no gloves)
SInv    +            (boots unavailable)
Will    ++...        (no amulet)
Stlth   +            c - ring of see invisible
HPRegen 0.58/turn    (no ring)
MPRegen 0.00/turn

%: no teleportation, infuse magic (-14 HP)
@: confused, flying, slowed, very slow
A: sickness immunity, fire resistance 2, cold vulnerability 1, float, innate
caster, HP casting, extra vitality 1
0: Orb of Zot
a: Renounce Religion, Minor Destruction, Lesser Servant of Makhleb, Major
Destruction, Greater Servant of Makhleb


You were in the Dungeon.
You worshipped Makhleb.
Makhleb was exalted by your worship.
You visited 1 branch

Inventory:

Hand Weapons
 a - a +0 hand axe
 i - the +∞ Axe of Woe (weapon)
   (You found it in the Dungeon)
Missiles
 d - 7 boomerangs of dispersal
Armour
 b - a +0 leather armour (worn)
Jewellery
 c - a ring of see invisible (left hand)
 j - a +30 ring of slaying
Potions
 e - a potion of curing
 f - a potion of heal wounds
 g - a potion of haste
 h - a potion of berserk rage


   Skills:
 O Level 27 Fighting
 O Level 27 Short Blades
 O Level 27 Long Blades
 O Level 27 Axes
 O Level 27 Maces & Flails
 O Level 27 Polearms
 O Level 27 Staves
 O Level 27 Ranged Weapons
 O Level 27 Throwing
 O Level 27 Armour
 O Level 27 Dodging
 O Level 27 Stealth
 O Level 27 Shields
 O Level 27 Unarmed Combat
 O Level 27 Spellcasting
 O Level 27 Invocations
 O Level 27 Evocations


You knew the following spells:

 Your Spells              Type           Power      Damage    Failure   Level
a - Blink                 Tloc           100%       N/A       0%          2
b - Lesser Beckoning      Tloc           100%       N/A       0%          2
c - Vhi's Electric Charg  Tloc/Air       100%       N/A       0%          3
d - Teleport Other        Tloc           100%       N/A       0%          3
e - Manifold Assault      Tloc           100%       N/A       0%          4
f - Sandblast             Erth           100%       2d20      0%          1
g - Poisonous Vapours     Pois/Air       100%       N/A       0%          2
h - Ozocubu's Armour      Ice            100%       N/A       0%          3
i - Hailstorm             Conj/Ice       100%       3d20      0%          3
j - Freezing Cloud        Conj/Ice/Air   50%        6-21      0%          5
k - Metabolic Englaciati  Hex/Ice        50%        N/A       0%          5
l - Death Channel         Necr           50%        N/A       0%          6
m - Eringya's Noxious Bo  Tmut/Pois      50%        N/A       0%          6
n - Orb of Destruction    Conj           50%        9d13      0%          7
o - Summon Hydra          Summ           50%        N/A       0%          7
p - Enfeeble              Hex            50%        N/A       0%          7
q - Discord               Hex            50%        N/A       1%          8
r - Fire Storm            Conj/Fire      50%        8d13      1%          9
Your spell library was empty.

Dungeon Overview and Level Annotations

Branches:
Dungeon (1/1)

Altars:
Makhleb

Annotations:
D The Defiler


Innate Abilities, Weirdness & Mutations

You are immune to sickness and miasma.
You are immune to poison.
Your flesh is very heat resistant. (rF++)
You are vulnerable to cold. (rC-)
You float through the air rather than walking.
You learn spells naturally, not from books.
Your magical power is your life essence.
You have superior vitality. (+4 MHP)


Message History

Makhleb accepts your kill.
You feel better.
You hear an angry hiss.
The observer gazes at you. The bolt of fire misses you.
The observer gazes at you.
The fireball explodes!
The fireball engulfs you!! You resist.
* * * LOW HITPOINT WARNING * * *
You hear a shout!
A bag of meat comes into view. It is wielding a +9 war axe.
A scourge comes into view.
A bag of meat comes into view. It is wielding a +9 war axe.
The accursed casts a spell at you. Something smites you!
* * * LOW HITPOINT WARNING * * *
You hear a shout!
A fleshlord comes into view. It is wielding a +9 great mace.
The eight-headed meat hydra calls on the powers of darkness!
The eight-headed meat hydra convulses!
The fleshlord convulses!
The eight-headed meat hydra convulses!
The fleshlord convulses!
The bag of meat convulses!
The eight-headed meat hydra convulses!
The bag of meat convulses!
The Defiler convulses!
The eight-headed meat hydra convulses!
The scourge convulses! x3
Your body is wracked with pain!
* * * LOW HITPOINT WARNING * * *
The bag of meat convulses!
The scourge convulses!
The observer convulses!
The eight-headed meat hydra calls on the powers of darkness!
The eight-headed meat hydra convulses!
The Defiler convulses!
The bag of meat convulses!
The eight-headed meat hydra convulses!
The bag of meat convulses!
The fleshlord convulses!
The scourge convulses!
The eight-headed meat hydra convulses!
The scourge convulses!
The fleshlord convulses!
The eight-headed meat hydra convulses!
The scourge convulses!
Your body is wracked with pain!
* * * LOW HITPOINT WARNING * * *
The scourge convulses!
The observer convulses!
The bag of meat convulses!
Some rock shatters into small pieces.
A wretched soul comes into view.
The accursed points at you and mumbles some strange words.
Something smites you!
You die...

)☼... °° #).. M)# .
#.). .)O# .
..)###... .W.###Mo.
..)o..).###..).)o..
#...))O.._)..))..SW
)....9#...G.o......
).....9_.<)W.G....)
..).).#)..@WoS.)...
#...)))))S)..S)..†)
..))))))..VS...z)..
..)###.@9G)..###)..
.....#D).oDo)#.....
.....#W.....)#§..
.....)).p.D.))...
.......WpD.......
.....o).........#


You could see 2 accurseds, 4 eight-headed meat hydras, a destroyer, 3 observers,
5 scourges, 2 fleshlords, a sculptor of flesh, a large bag of meat (inner
flame), The Defiler, 3 dreads, 3 viles, a meat berserker (berserk), 2 wretched
souls and 7 bags of meat.

Vanquished Creatures
  3 molten gargoyles (D)
  25 vampire knights (D)
  58 ogres (D)
  8 two-headed ogres (D)
  12 liches (D)
  15 hydras (D)
  Sigmund (D)
  17 phantoms (D)
  14 hell beasts (D)
  87 orcs (D)
  10 skeletal warriors (D)
  19 hell knights (D)
  21 sea snakes (D)
  A pandemonium lord (D)
  An Orb Guardian (D)
  A sixfirhy (D)
  An ice devil (D)
  Dispater (D)
  6 royal mummies (D)
  22 great orbs of eyes (D)
  14 wraiths (D)
337 creatures vanquished.

Notes
Turn   | Place    | Note
-------+----------+-------------------------------------------
     0 | D        | Found the +∞ Axe of Woe
     0 | D        | Groucho the Djinni Warper began the quest for the Orb.
     0 | D        | Groucho set off with the following spells memorised: Blink,
                  | Lesser Beckoning, Vhi's Electric Charge, Teleport Other,
                  | Manifold Assault.
     0 | D        | Reached XP level 1. HP: 18/18 MP: 0/0
     4 | D        | Became a worshipper of Makhleb the Destroyer
     5 | D        | Noticed a bag of meat
     5 | D        | Noticed a meat berserker
     6 | D        | Noticed a bag of meat
     7 | D        | Noticed a bag of meat
     7 | D        | Noticed a bag of meat
     8 | D        | Killed a meat berserker
     8 | D        | Noticed a bag of meat
     8 | D        | Noticed a bag of meat
     8 | D        | Noticed a bag of meat
     8 | D        | Noticed a bag of meat
     8 | D        | Noticed a bag of meat
     8 | D        | Noticed a bag of meat
     8 | D        | Noticed a bag of meat
     9 | D        | Reached skill level 10 in Fighting
     9 | D        | Reached XP level 2. HP: 28/36 MP: 0/0
     9 | D        | Reached XP level 3. HP: 32/41 MP: 0/0
     9 | D        | Learned a level 1 spell: Sandblast
     9 | D        | Reached XP level 4. HP: 37/48 MP: 0/0
     9 | D        | Reached XP level 5. HP: 40/52 MP: 0/0
     9 | D        | Learned a level 2 spell: Poisonous Vapours
     9 | D        | Reached XP level 6. HP: 45/58 MP: 0/0
     9 | D        | Reached XP level 7. HP: 50/64 MP: 0/0
     9 | D        | Learned a level 3 spell: Ozocubu's Armour
     9 | D        | Reached XP level 8. HP: 54/70 MP: 0/0
     9 | D        | Reached XP level 9. HP: 58/75 MP: 0/0
     9 | D        | Learned a level 3 spell: Hailstorm
     9 | D        | Reached XP level 10. HP: 63/81 MP: 0/0
     9 | D        | Reached XP level 11. HP: 67/86 MP: 0/0
     9 | D        | Learned a level 5 spell: Freezing Cloud
     9 | D        | Reached XP level 12. HP: 72/93 MP: 0/0
     9 | D        | Killed a bag of meat
     9 | D        | Reached * piety under Makhleb
     9 | D        | Noticed a bag of meat
    10 | D        | Reached skill level 10 in Axes
    10 | D        | Reached XP level 13. HP: 78/100 MP: 0/0
    10 | D        | Learned a level 5 spell: Metabolic Englaciation
    10 | D        | Killed a bag of meat
    10 | D        | Noticed a bag of meat
    10 | D        | Noticed a bag of meat
    11 | D        | Reached skill level 5 in Armour
    11 | D        | Killed a bag of meat
    11 | D        | Killed a bag of meat
    11 | D        | Reached ** piety under Makhleb
    11 | D        | Killed a bag of meat
    11 | D        | Killed a bag of meat
    11 | D        | Noticed a meat berserker
    11 | D        | Noticed a large bag of meat
    12 | D        | Reached skill level 15 in Fighting
    12 | D        | Reached skill level 15 in Axes
    12 | D        | Reached skill level 15 in Dodging
    12 | D        | Reached XP level 14. HP: 114/114 MP: 0/0
    12 | D        | Reached XP level 15. HP: 120/120 MP: 0/0
    12 | D        | Learned a level 6 spell: Death Channel
    12 | D        | Reached *** piety under Makhleb
    12 | D        | Noticed a meat berserker
    13 | D        | Noticed a meat berserker
    14 | D        | Reached XP level 16. HP: 130/130 MP: 0/0
    14 | D        | Reached **** piety under Makhleb
    14 | D        | Noticed a meat berserker
    15 | D        | Killed a meat berserker
    16 | D        | Reached XP level 17. HP: 139/139 MP: 0/0
    16 | D        | Learned a level 6 spell: Eringya's Noxious Bog
    16 | D        | Reached ***** piety under Makhleb
    16 | D        | Noticed a meat berserker
    17 | D        | Reached skill level 5 in Throwing
    17 | D        | Reached skill level 27 in Spellcasting
    17 | D        | Killed a meat berserker
    18 | D        | Killed a large bag of meat
    19 | D        | Reached XP level 18. HP: 142/155 MP: 0/0
    19 | D        | Killed a meat berserker
    19 | D        | Noticed a destroyer
    20 | D        | Reached skill level 27 in Axes
    20 | D        | Reached skill level 10 in Armour
    20 | D        | Killed a meat berserker
    20 | D        | Killed a meat berserker
    21 | D        | Reached skill level 27 in Fighting
    21 | D        | Reached XP level 19. HP: 171/174 MP: 0/0
    21 | D        | Learned a level 7 spell: Orb of Destruction
    22 | D        | Reached skill level 10 in Throwing
    22 | D        | Reached ****** piety under Makhleb
    23 | D        | Noticed a meat berserker
    24 | D        | Noticed a meat berserker
    25 | D        | Reached skill level 27 in Dodging
    25 | D        | Noticed a meat berserker
    25 | D        | Noticed a destroyer
    25 | D        | Noticed a large bag of meat
    25 | D        | Noticed a destroyer
    32 | D        | Reached XP level 20. HP: 181/181 MP: 0/0
    32 | D        | Killed a meat berserker
    32 | D        | Killed a meat berserker
    33 | D        | Killed a meat berserker
    34 | D        | Reached skill level 27 in Armour
    34 | D        | Reached XP level 21. HP: 187/187 MP: 0/0
    34 | D        | Learned a level 7 spell: Summon Hydra
    34 | D        | Killed a destroyer
    34 | D        | Killed a destroyer
    35 | D        | Reached skill level 27 in Throwing
    35 | D        | Killed a large bag of meat
    36 | D        | Reached XP level 22. HP: 194/194 MP: 0/0
    36 | D        | Killed a destroyer
    37 | D        | Reached skill level 10 in Short Blades
    37 | D        | Reached skill level 10 in Long Blades
    37 | D        | Reached skill level 10 in Staves
    37 | D        | Reached skill level 10 in Stealth
    39 | D        | Reached skill level 10 in Maces & Flails
    39 | D        | Reached skill level 10 in Polearms
    39 | D        | Reached skill level 10 in Ranged Weapons
    39 | D        | Noticed a destroyer
    39 | D        | Noticed a destroyer
    40 | D        | Killed a destroyer
    40 | D        | Noticed a destroyer
    41 | D        | Reached XP level 23. HP: 201/201 MP: 0/0
    41 | D        | Learned a level 7 spell: Enfeeble
    41 | D        | Killed a destroyer
    43 | D        | Killed a destroyer
    44 | D        | Reached skill level 15 in Shields
    44 | D        | Reached skill level 15 in Unarmed Combat
    44 | D        | Reached skill level 15 in Invocations
    44 | D        | Reached skill level 15 in Evocations
    44 | D        | Noticed a destroyer
    46 | D        | Noticed a tyrant
    47 | D        | Killed a destroyer
    47 | D        | Killed a tyrant
    48 | D        | Reached skill level 15 in Long Blades
    48 | D        | Reached skill level 15 in Staves
    48 | D        | Reached skill level 15 in Stealth
    48 | D        | Reached XP level 24. HP: 208/208 MP: 0/0
    50 | D        | Noticed an accursed
    52 | D        | Killed an accursed
    53 | D        | Reached skill level 15 in Maces & Flails
    53 | D        | Reached skill level 15 in Polearms
    53 | D        | Reached skill level 15 in Ranged Weapons
    53 | D        | Noticed an accursed
    55 | D        | Killed an accursed
    56 | D        | Reached XP level 25. HP: 187/214 MP: 0/0
    56 | D        | Learned a level 8 spell: Discord
    57 | D        | Noticed a tyrant
    58 | D        | Noticed The Captor
    58 | D        | Killed The Captor
    58 | D        | Killed a tyrant
    59 | D        | Reached skill level 27 in Stealth
    59 | D        | Reached XP level 26. HP: 221/221 MP: 0/0
    59 | D        | Noticed a tyrant
    61 | D        | Killed a tyrant
    62 | D        | Reached XP level 27. HP: 228/228 MP: 0/0
    62 | D        | Learned a level 9 spell: Fire Storm
    65 | D        | Noticed a meat beast
    69 | D        | Noticed a dread
    69 | D        | Noticed a meat beast
    71 | D        | Noticed a meat beast
    71 | D        | Noticed a meat beast
    72 | D        | Killed a dread
    73 | D        | Killed a meat beast
    73 | D        | Noticed a meat beast
    74 | D        | Reached skill level 27 in Shields
    74 | D        | Reached skill level 27 in Unarmed Combat
    74 | D        | Reached skill level 27 in Invocations
    74 | D        | Reached skill level 27 in Evocations
    74 | D        | Killed a meat beast
    75 | D        | Reached skill level 27 in Short Blades
    75 | D        | Reached skill level 27 in Long Blades
    75 | D        | Reached skill level 27 in Staves
    75 | D        | Killed a meat beast
    75 | D        | Noticed a destroyer
    76 | D        | Reached skill level 27 in Maces & Flails
    76 | D        | Reached skill level 27 in Polearms
    76 | D        | Reached skill level 27 in Ranged Weapons
    76 | D        | Killed a destroyer
    82 | D        | Noticed a destroyer
    84 | D        | Killed a destroyer
    84 | D        | Noticed a meat beast
    84 | D        | Noticed a dread
    85 | D        | Killed a meat beast
    85 | D        | Killed a dread
    85 | D        | Noticed a destroyer
    86 | D        | Killed a destroyer
    87 | D        | Killed a meat beast
    88 | D        | Noticed an accursed
    88 | D        | Killed an accursed
    89 | D        | Noticed a dread
    90 | D        | Killed a dread
    97 | D        | Noticed a destroyer
    98 | D        | Killed a destroyer
   102 | D        | Noticed a meat beast
   103 | D        | Killed a meat beast
   106 | D        | Noticed a dread
   106 | D        | Killed a dread
   113 | D        | Noticed a dread
   113 | D        | Killed a dread
   114 | D        | Noticed a tyrant
   117 | D        | Killed a tyrant
   119 | D        | Noticed a tyrant
   120 | D        | Killed a tyrant
   121 | D        | Noticed a fleshlord
   122 | D        | Killed a fleshlord
   123 | D        | Noticed a fleshlord
   124 | D        | Killed a fleshlord
   124 | D        | Noticed a tyrant
   125 | D        | Noticed a fleshlord
   125 | D        | Killed a tyrant
   125 | D        | Killed a fleshlord
   126 | D        | Noticed a fleshlord
   127 | D        | Killed a fleshlord
   128 | D        | Noticed a fleshlord
   128 | D        | Killed a fleshlord
   132 | D        | Killed a meat beast
   133 | D        | Noticed a destroyer
   134 | D        | Killed a destroyer
   136 | D        | Noticed a dread
   136 | D        | Noticed a fleshlord
   137 | D        | Killed a fleshlord
   137 | D        | Killed a dread
   139 | D        | Noticed a dread
   140 | D        | Killed a dread
   141 | D        | Noticed a destroyer
   142 | D        | Killed a destroyer
   142 | D        | Noticed a fleshlord
   142 | D        | Noticed a tyrant
   143 | D        | Killed a fleshlord
   143 | D        | Killed a tyrant
   143 | D        | Noticed a meat beast
   144 | D        | Killed a meat beast
   144 | D        | Noticed a dread
   144 | D        | Noticed a fleshlord
   144 | D        | Noticed a destroyer
   145 | D        | Killed a dread
   145 | D        | Killed a fleshlord
   145 | D        | Killed a destroyer
   145 | D        | Noticed a fleshlord
   145 | D        | Noticed a large bag of meat
   146 | D        | Noticed a destroyer
   146 | D        | Killed a large bag of meat
   146 | D        | Killed a destroyer
   146 | D        | Killed a fleshlord
   146 | D        | Noticed a meat beast
   146 | D        | Noticed an accursed
   147 | D        | Killed a meat beast
   147 | D        | Killed an accursed
   147 | D        | Noticed a tyrant
   147 | D        | Noticed a destroyer
   148 | D        | Noticed The Meatlord
   148 | D        | Killed The Meatlord
   148 | D        | Noticed a meat beast
   149 | D        | Killed a meat beast
   149 | D        | Killed a tyrant
   149 | D        | Killed a destroyer
   149 | D        | Noticed a destroyer
   150 | D        | Killed a destroyer
   151 | D        | Got the Orb of Zot
   151 | D        | Noticed a tyrant
   151 | D        | Noticed a dread
   152 | D        | Killed a dread
   152 | D        | Noticed a tyrant
   152 | D        | Noticed a meat beast
   153 | D        | Killed a tyrant
   154 | D        | Killed a tyrant
   154 | D        | Noticed a large bag of meat
   154 | D        | Noticed a fleshlord
   154 | D        | Noticed a fleshlord
   155 | D        | Killed a fleshlord
   155 | D        | Killed a fleshlord
   157 | D        | Killed a meat beast
   158 | D        | Killed a large bag of meat
   159 | D        | Noticed a large bag of meat
   160 | D        | Killed a large bag of meat
   160 | D        | Noticed a destroyer
   161 | D        | Killed a destroyer
   161 | D        | Noticed a destroyer
   161 | D        | Noticed a large bag of meat
   161 | D        | Noticed a fleshlord
   162 | D        | Killed a destroyer
   162 | D        | Killed a large bag of meat
   162 | D        | Killed a fleshlord
   162 | D        | Noticed an accursed
   163 | D        | Killed an accursed
   165 | D        | Noticed a fleshlord
   166 | D        | Killed a fleshlord
   166 | D        | Noticed a destroyer
   167 | D        | Killed a destroyer
   172 | D        | Noticed a destroyer
   174 | D        | Killed a destroyer
   174 | D        | Noticed a destroyer
   175 | D        | Killed a destroyer
   178 | D        | Noticed a meat beast
   179 | D        | Killed a meat beast
   181 | D        | Noticed a destroyer
   182 | D        | Killed a destroyer
   182 | D        | Noticed a dread
   183 | D        | Killed a dread
   185 | D        | Noticed a dread
   185 | D        | Killed a dread
   185 | D        | Noticed a fleshlord
   185 | D        | Noticed a destroyer
   186 | D        | Killed a destroyer
   186 | D        | Killed a fleshlord
   187 | D        | Noticed an accursed
   187 | D        | Noticed a dread
   188 | D        | Killed a dread
   188 | D        | Killed an accursed
   188 | D        | Noticed a fleshlord
   189 | D        | Killed a fleshlord
   192 | D        | Noticed a large bag of meat
   193 | D        | Killed a large bag of meat
   194 | D        | Noticed a dread
   195 | D        | Killed a dread
   197 | D        | Noticed Miakk the pandemonium lord
   197 | D        | Killed Miakk the pandemonium lord
   197 | D        | Noticed a meat beast
   198 | D        | Killed a meat beast
   200 | D        | Noticed a fleshlord
   200 | D        | Killed a fleshlord
   203 | D        | Noticed a fleshlord
   204 | D        | Killed a fleshlord
   204 | D        | Noticed a tyrant
   204 | D        | Noticed a tyrant
   204 | D        | Noticed a large bag of meat
   205 | D        | Killed a large bag of meat
   205 | D        | Killed a tyrant
   205 | D        | Killed a tyrant
   210 | D        | Noticed a destroyer
   210 | D        | Noticed a dread
   210 | D        | Noticed a vile
   210 | D        | Noticed a fleshlord
   210 | D        | Noticed a dread
   210 | D        | Noticed a destroyer
   210 | D        | Noticed a fleshlord
   211 | D        | Killed a fleshlord
   211 | D        | Killed a vile
   213 | D        | Noticed a vile
   213 | D        | Killed a dread
   213 | D        | Killed a vile
   216 | D        | Noticed a meat beast
   219 | D        | Noticed a vile
   220 | D        | Noticed an accursed
   220 | D        | Noticed a dread
   220 | D        | Killed a meat beast
   221 | D        | Noticed a large bag of meat
   223 | D        | Killed a vile
   224 | D        | Noticed a dread
   224 | D        | Noticed The Defiler
   224 | D        | Noticed a vile
   224 | D        | Killed a destroyer
   224 | D        | Noticed a fleshlord
   225 | D        | Noticed an accursed
   225 | D        | HP: 2/228 [observer/bolt of fire (12)]
   226 | D        | Noticed a vile
   226 | D        | Noticed a vile
   226 | D        | Killed a fleshlord
   226 | D        | Noticed a fleshlord
   226 | D        | Killed from afar by an accursed

Illustrated notes

Levels and vault maps discovered:
D:        meatsprint

Skill      XL: |  1  2  3  4  5  6  7  8  9 10 11 12 13 14 15 16 17 18 19 20 21 22 23 24 25 26 27 |
---------------+----------------------------------------------------------------------------------+-----
Fighting       | 10 11 15 16 18 22 27 | 27.0
Axes           | 9 10 15 17 20 25 27 | 27.0
Throwing       | 2 3 4 6 9 14 23 27 | 27.0
Armour         | 4 6 7 9 12 20 27 | 27.0
Dodging        | 11 12 15 16 17 20 23 27 | 27.0
Spellcasting   | 17 19 23 25 26 27 | 27.0
Short Blades   | 9 12 16 18 22 27 | 27.0
Long Blades    | 8 12 15 17 21 27 | 27.0
Maces & Flails | 7 11 14 16 20 27 | 27.0
Polearms       | 7 11 14 16 20 27 | 27.0
Staves         | 8 12 15 17 21 27 | 27.0
Ranged Weapons | 7 11 14 16 20 27 | 27.0
Stealth        | 8 12 15 17 27 | 27.0
Shields        | 9 13 16 19 23 27 | 27.0
Unarmed Combat | 9 13 16 19 23 27 | 27.0
Invocations    | 9 13 16 19 23 27 | 27.0
Evocations     | 9 13 16 19 23 27 | 27.0

Action                     |  1- 3 |  4- 6 |  7- 9 | 10-12 | 13-15 | 16-18 | 19-21 | 22-24 | 25-27 || total
---------------------------+-------+-------+-------+-------+-------+-------+-------+-------+-------++-------
  Melee: Executioner's axe |     1 |       |       |     1 |     7 |     7 |    14 |    13 |   282 ||   325
   Cast: Manifold Assault  |       |       |       |       |     1 |       |     2 |     8 |   115 ||   126
         Ozocubu's Armour  |       |       |       |       |       |       |       |       |     1 ||     1
    Use: Scroll            |       |       |       |       |       |       |     2 |       |       ||     2
  Dodge: Dodged            |       |       |       |       |       |       |       |       |     3 ||     3
